 Dungeon Crawl Stone Soup version 0.24.0-10-g970556be89 (webtiles) character file.

Game seed: 16286324042612267096, levelgen mode: deterministic

2235 Iamsoldier the Geomancer (level 9, 0/45 HPs)
             Began as a Gargoyle Earth Elementalist on Nov 5, 2019.
             Was a Follower of Vehumet.
             Slain by a killer bee (7 damage)
             ... on level 7 of the Dungeon.
             The game lasted 00:32:37 (6319 turns).

Iamsoldier the Geomancer (GrEE)                     Turns: 6319, Time: 00:32:38

Health: 0/45       AC:  9    Str: 11 (12) XL:     9   Next: 36%
Magic:  21/21      EV: 12    Int: 21 (24) God:    Vehumet [*.....]
Gold:   215        SH:  0    Dex:  8 (10) Spells: 23/25 levels left

rFire    + . .     SeeInvis .   z - +2 whip (elec)
rCold    + . .     Gourm    .   (no shield)
rNeg     + + .     Faith    .   c - +0 robe
rPois    ∞         Spirit   .   (no helmet)
rElec    +         Reflect  .   (no cloak)
rCorr    +         Harm     .   (no gloves)
MR       .....                  y - +0 pair of boots
Stlth    ++........             i - amulet of magic regeneration
HPRegen  0.15/turn              p - ring of resist corrosion
MPRegen  0.42/turn              x - ring of positive energy

@: brilliant, resistant, flying, very slightly contaminated
A: negative energy resistance 1, electricity resistance, unbreathing,
petrification resistance, rot immunity, AC +6
a: Renounce Religion


You were on level 7 of the Dungeon.
You worshipped Vehumet.
Vehumet was aware of your devotion.
You were not hungry.

You visited 2 branches of the dungeon, and saw 8 of its levels.

You collected 215 gold pieces.

Inventory:

Hand Weapons
 z - a +2 whip of electrocution (weapon)
Armour
 c - a +0 robe (worn)
 y - a +0 pair of boots (worn)
Magical Staves
 b - an uncursed staff of poison
Jewellery
 i - an amulet of magic regeneration (around neck)
 j - an uncursed ring of flight
 p - a ring of resist corrosion (left hand)
 x - a ring of positive energy (right hand)
Scrolls
 a - 4 scrolls of identify
 h - 2 scrolls of enchant weapon {unknown}
 k - a scroll of magic mapping {unknown}
 l - a scroll of immolation {unknown}
 m - 2 scrolls of enchant armour {unknown}
 s - 3 scrolls of remove curse {unknown}
 t - 4 scrolls of teleportation {unknown}
 w - 2 scrolls of amnesia {unknown}
 A - a scroll of random uselessness {unknown}
Potions
 g - 2 potions of lignification
 n - a potion of cancellation
 o - 2 potions of resistance
 B - a potion of flight
Comestibles
 d - 6 rations
 C - 2 chunks of flesh


   Skills:
 + Level 1.4 Staves
 - Level 1.6 Dodging
 - Level 2.2 Stealth
 * Level 8.9 Spellcasting
 + Level 1.7 Conjurations
   Level 0.7 Transmutations
 + Level 9.1 Earth Magic
 + Level 1.2 Evocations


You had 23 spell levels left.
You knew the following spells:

 Your Spells              Type           Power        Failure   Level  Hunger
a - Sandblast             Erth           ######       1%          1    None
b - Sting                 Conj/Pois      ####         1%          1    None

Your spell library contained the following spells:

 Spells                   Type           Power        Failure   Level  Hunger
 Animate Skeleton         Necr           N/A          1%          1    None
 Corona                   Hex            ###....      1%          1    None
 Pain                     Necr           ###.         1%          1    None
 Passwall                 Tmut/Erth      #####...     1%          2    None
 Slow                     Hex            ###.....     1%          2    None
 Stone Arrow              Conj/Erth      #####.       1%          3    None
 Leda's Liquefaction      Hex/Erth       #####.....   1%          4    ###....
 Petrify                  Tmut/Erth      #####...     1%          4    ###....
 Lee's Rapid Deconstruct  Erth           ######....   1%          5    #####..
 Inner Flame              Hex/Fire       ###.....     2%          3    None
 Portal Projectile        Hex/Tloc       ###...       2%          3    None
 Regeneration             Chrm/Necr      ###.......   2%          3    None
 Vampiric Draining        Necr           ###.......   2%          3    None
 Animate Dead             Necr           N/A          9%          4    ###....
 Cause Fear               Hex            ###.......   9%          4    ###....


Dungeon Overview and Level Annotations

Branches:
Dungeon (7/15)             Temple (1/1) D:4

Altars:
Ashenzari
Cheibriados
Elyvilon
Fedhas
Gozag
Hepliaklqana
Kikubaaqudgha
Ru
Sif Muna
Trog
Uskayaw
Vehumet
Wu Jian
Xom
The Shining One


Innate Abilities, Weirdness & Mutations

You are resistant to torment.
Your stone body is resilient. (AC +6)
You are immune to poison.
You resist negative energy. (rN+)
You are resistant to electric shocks. (rElec)
You can survive without breathing.
You are immune to petrification.
You are immune to rotting.


Message History

Blink to where?
Press: ? - help, Dir - move target cursor You are very lightly contaminated with residual magic.
As you read the scroll labeled OVOENNOL PILOX, it crumbles to dust.
It was a scroll of blinking.
You see here a +0 club.
The killer bee barely misses you.
Blink to where?
Press: ? - help, Dir - move target cursor
As you read the scroll of blinking, it crumbles to dust.
The killer bee misses you. The killer bee barely misses you.
Okay, then.
The killer bee closely misses you. x2
The killer bee stings you but does no damage.
The killer bee closely misses you.
The killer bee stings you but does no damage.
The killer bee closely misses you. x2
The killer bee stings you!
You die...

#.............#
#.............#
##..#####.....#
#..#.........#
#..#.######.##
#..#........#
#yy#........#
#.y##.......#
#.y@.<......#
#.###.#.#.#.#
#.#...#.#.#.#
#.#.###.#.#..
#.#. #.#.#...
#.# #.#.#... #.
..#.#.... ###.#


You could see 4 killer bees.

Vanquished Creatures
  Pikel (D:6)
  Eustachio (D:5)
  A sky beast (D:7)
  An orc warrior (D:6)
  A slave (D:6)
  An ice beast (D:5)
  3 bullfrogs
  5 scorpions
  3 howler monkeys (D:7)
  2 crimson imps
  A jelly (D:7)
  2 orc priests
  Natasha (D:2)
  7 orc wizards
  4 worker ants
  A worker ant zombie (D:6)
  14 adders
  4 gnolls (D:7)
  2 oozes
  An adder skeleton (D:4)
  An adder zombie (D:5)
  3 worms
  3 dart slugs
  4 leopard geckos
  19 orcs
  6 bats
  4 giant cockroaches
  6 goblins
  7 hobgoblins
  4 quokkas
  A ball python (D:5)
  5 frilled lizards
  A jackal skeleton (D:6)
  8 kobolds
  2 leopard gecko skeletons (D:6)
  6 rats
136 creatures vanquished.

Vanquished Creatures (others)
  A wizard (D:3)
  A slave (D:6)
  An orc wizard (D:6)
  An orc (D:6)
4 creatures vanquished.

Grand Total: 140 creatures vanquished

Notes
Turn   | Place    | Note
-------+----------+-------------------------------------------
     0 | D:1      | Iamsoldier the Gargoyle Earth Elementalist began the quest
                  | for the Orb.
     0 | D:1      | Reached XP level 1. HP: 10/10 MP: 3/3
   232 | D:1      | Reached skill level 4 in Earth Magic
   232 | D:1      | Reached XP level 2. HP: 15/15 MP: 0/5
   892 | D:1      | Reached XP level 3. HP: 19/19 MP: 4/6
  1390 | D:2      | Reached XP level 4. HP: 24/24 MP: 6/8
  1719 | D:2      | Noticed Natasha
  1724 | D:2      | Killed Natasha
  1724 | D:2      | Reached skill level 5 in Earth Magic
  1828 | D:2      | Found an ornate altar of the Wu Jian Council.
  2028 | D:3      | Reached XP level 5. HP: 19/28 MP: 7/10
  2544 | D:3      | Found a bloodstained altar of Trog.
  2547 | D:3      | Noticed a wizard
  2553 | D:3      | Killed a wizard
  2707 | D:3      | Reached XP level 6. HP: 32/32 MP: 9/12
  2842 | D:4      | Found a staircase to the Ecumenical Temple.
  2852 | Temple   | Entered the Ecumenical Temple
  2996 | Temple   | Became a worshipper of Vehumet
  3108 | D:4      | Reached skill level 6 in Earth Magic
  3416 | D:4      | Reached skill level 5 in Spellcasting
  3526 | D:5      | Entered Level 5 of the Dungeon
  3563 | D:5      | Noticed an ice beast
  3703 | D:5      | Noticed Eustachio
  3735 | D:5      | Killed Eustachio
  3735 | D:5      | Reached XP level 7. HP: 31/36 MP: 8/15
  4227 | D:5      | Reached skill level 7 in Earth Magic
  4534 | D:6      | Noticed Pikel
  4551 | D:6      | Killed Pikel
  4551 | D:6      | Reached skill level 8 in Earth Magic
  4551 | D:6      | Reached XP level 8. HP: 9/41 MP: 6/19
  5010 | D:6      | Reached * piety under Vehumet
  5010 | D:6      | Offered knowledge of Sting by Vehumet.
  5085 | D:6      | Found a white marble altar of Elyvilon.
  5585 | D:6      | Learned a level 1 spell: Sting
  5592 | D:6      | Reached XP level 9. HP: 45/45 MP: 18/21
  6186 | D:7      | Reached skill level 1 in Conjurations
  6188 | D:7      | Reached skill level 9 in Earth Magic
  6202 | D:7      | Reached skill level 1 in Staves
  6202 | D:7      | Reached skill level 1 in Evocations
  6319 | D:7      | Slain by a killer bee

Levels and vault maps discovered:
D:1:      dpeg_arrival_water_fire, layout_basic
D:2:      layout_basic, marbit_many_paths, first_ration,
          chequers_serial_rivers_micro_e, uniq_natasha
D:3:      minmay_angry_zag, layout_basic, trog_wizard
D:4:      layout_basic, minmay_temple_entry_antechambers
D:5:      layout_basic, wad_floor_pattern_1, uniq_eustachio
D:6:      layout_loops_corners, elyvilon_altar_5, uniq_pikel
D:7:      layout_basic, serial_shops, shop, grunt_ogre_cave
Temple:   roderic_octagonal_lattice_temple

Skill      XL: |  1  2  3  4  5  6  7  8  9 |
---------------+----------------------------+-----
Earth Magic    | 4 5 6 8 9 |  9.1
Spellcasting   | 3 4 5 7 8 |  8.9
Conjurations   | 1 |  1.7
Staves         | 1 |  1.4
Evocations     | 1 |  1.2
Dodging        | |  1.6
Stealth        | |  2.2
Transmutations | |  0.7

Action                   |  1- 3 |  4- 6 |  7- 9 || total
-------------------------+-------+-------+-------++-------
Melee: Unarmed           |     2 |    13 |       ||    15
       Whip              |       |       |    50 ||    50
       Staff             |       |       |    31 ||    31
 Cast: Sandblast         |    40 |    98 |    75 ||   213
       Sting             |       |       |    79 ||    79
  Use: Scroll            |       |     1 |     4 ||     5
       Potion            |       |       |     8 ||     8
  Eat: Chunk             |     2 |     3 |     2 ||     7
       Ration            |       |     1 |     2 ||     3
Armor: Robe              |     7 |    12 |    66 ||    85
       Skin              |       |       |     7 ||     7
Dodge: Dodged            |    11 |    26 |   130 ||   167
